 Dungeon Crawl Stone Soup version 0.28-a0-726-g4a9143789a (webtiles) character file.

Game seed: 8058376581884274461

14 flotson the Sneak (level 2, -2/24 HPs)
             Began as a Demonspawn Delver on Oct 27, 2021.
             Slain by an orc (5 damage)
             ... on level 3 of the Dungeon.
             The game lasted 00:01:51 (848 turns).

flotson the Sneak (Demonspawn Delver)                Turns: 848, Time: 00:01:51

Health: -2/24      AC:  8    Str: 12    XL:     2   Next: 31%
Magic:  2/2        EV:  7    Int: 11    God:
Gold:   7          SH:  0    Dex: 14    Spells: 1/1 levels left

rFire   . . .      SeeInvis .   a - +0 hand axe
rCold   . . .      Faith    .   (no shield)
rNeg    . . .      Spirit   .   e - +0 chain mail
rPois   .          Reflect  .   (no helmet)
rElec   .          Harm     .   (no cloak)
rCorr   .          Rampage  .   (no gloves)
Will    .....                   (no boots)
Stlth   ..........              (no amulet)
HPRegen 0.08/turn               (no ring)
MPRegen 0.08/turn               (no ring)

@: hasted, very quick
A: repulsion field 1
a: no special abilities


You were on level 3 of the Dungeon.
You visited 1 branch of the dungeon, and saw 3 of its levels.

You collected 7 gold pieces.

Inventory:

Hand Weapons
 a - a +0 hand axe (weapon)
Armour
 e - a +0 chain mail (worn)
Jewellery
 h - a ring of ice
Wands
 g - a wand of digging (2)
 j - a wand of mindburst (14)
Scrolls
 c - a scroll of fog
 i - a scroll of blinking {unknown}
 k - a scroll of immolation {unknown}
 l - a scroll of teleportation {unknown}
Potions
 b - 2 potions of curing {unknown}


   Skills:
 + Level 3.1 Fighting
 + Level 2.0 Axes
 + Level 0.5 Armour
 + Level 2.0 Dodging
 - Level 4.5 Stealth
 + Level 0.6 Evocations


You had one spell level left.
You didn't know any spells.
Your spell library was empty.

Dungeon Overview and Level Annotations

Branches:
Dungeon (5/15)             Temple (0/1) D:4

Altars:


Innate Abilities, Weirdness & Mutations

You are surrounded by a mild repulsion field. (EV +2)


Message History

An orc comes into view. It is wielding a +0 whip.
You closely miss the orc.
The orc shouts!
You hear a shout!
An orc comes into view. It is wielding a +0 short sword.
The orc hits you but does no damage.
You hit the orc but do no damage. The orc hits you but does no damage.
You closely miss the orc. The orc completely misses you.
The orc barely misses you.
You hit the orc but do no damage.
Your chain mail prevents you from hitting the orc.
The orc barely misses you. x2; The orc hits you with a +0 club.
You hit the orc.
The orc is heavily wounded.
You closely miss the orc. You hit the orc but do no damage.
The orc hits you but does no damage. x2
You hit the orc but do no damage.
The orc is heavily wounded.
You hit the orc but do no damage. You hit the orc. x2
The orc hits you with a +0 short sword. The orc hits you but does no damage. x2
The orc closely misses you.
You hit the orc.
You kill the orc!
You barely miss the orc. You hit the orc but do no damage. You hit the orc.
You kill the orc!
The orc closely misses you. The orc hits you with a +0 whip.
The orc barely misses you.
Your Axes skill increases to level 2!
Your Dodging skill increases to level 2!
The orc throws a boomerang.
The boomerang barely misses you.
You closely miss the orc. The orc hits you with a +0 whip. x2
You closely miss the orc. The orc hits you with a +0 whip.
* * * LOW HITPOINT WARNING * * *
You feel yourself speed up. The orc barely misses you.
The orc hits you but does no damage.
You hit the orc but do no damage. x2; The orc hits you with a +0 short sword.
* * * LOW HITPOINT WARNING * * *
The orc closely misses you.
You hit the orc but do no damage. You hit the orc.
The orc hits you with a +0 short sword.
You die...

.. .. .##### ....# .#
...####.# #.... ..#
+..# #..# # #####o@#
...# ...#####...oo##
..##
#...........###...####
.+....>...............
#............))[.####
##.......#####.....#
##.....## ####.#
##...## # ##+##


You could see 3 orcs.

Vanquished Creatures
  5 orcs
  2 ball pythons
  An endoplasm (D:3)
8 creatures vanquished.

Notes
Turn   | Place    | Note
-------+----------+-------------------------------------------
     0 | D:5      | flotson the Demonspawn Delver began the quest for the Orb.
     0 | D:5      | Reached XP level 1. HP: 18/18 MP: 1/1
   102 | D:5      | Noticed an orc priest
   102 | D:5      | Noticed an orc wizard
   104 | D:5      | Noticed an orc warrior
   778 | D:4      | Noticed an iguana
   823 | D:3      | Gained mutation: You are surrounded by a mild repulsion
                  | field. (EV +2) [demonic ancestry]
   823 | D:3      | Reached XP level 2. HP: 24/24 MP: 2/2
   848 | D:3      | Slain by an orc

Illustrated notes

Levels and vault maps discovered:
D:3:      layout_loops_corners, nicolae_uskayaw_en_pointe,
          mainiacjoe_overflow_tiny_flanked, mainiacjoe_overflow_surrounded_room,
          kennysheep_generic_room_15
D:4:      layout_basic, lemuel_mausoleum_altar_yredelemnul,
          minmay_temple_entry_fiery, uniq_blork_the_orc
D:5:      layout_basic, kennysheep_generic_room_6

Skill      XL: |  1  2 |
---------------+-------+-----
Axes           | 2 |  2.0
Dodging        | 2 |  2.0
Fighting       | |  3.1
Armour         | |  0.5
Stealth        | |  4.5
Evocations     | |  0.6

Action                   || total
-------------------------++-------
Melee: Hand axe          ||    32
Evoke: Wand              ||     2
  Use: Scroll            ||     3
       Potion            ||     1
Armor: Leather armour    ||     4
       Chain mail        ||     7
Dodge: Dodged            ||    20

Table legend: (Time is in decaauts)
 A = Elapsed time spent in this place.
 B = Non-inter-level travel time spent in this place.
 C = Inter-level travel time spent in this place.
 D = Time resting spent in this place.
 E = Time spent auto-exploring this place.
 F = Levels seen in this place.
 G = Mean time per level.
                   A        B        C        D        E       F      G
               +--------+--------+--------+--------+--------+-----+--------+
         Total |    856 |    856 |      0 |    344 |    312 |   3 |  285.3 |
       Dungeon |    856 |    856 |      0 |    344 |    312 |   3 |  285.3 |
               +--------+--------+--------+--------+--------+-----+--------+

Top non-repeatable levels by time:
     D:5: 521 daAuts
     D:4: 306 daAuts
     D:3: 28 daAuts
